 Dungeon Crawl Stone Soup version 0.29.1-12-g30fa7ad0bf (webtiles) character file.

Game seed: 12768993244030586549

109 Jushak the Caller (level 4, -2/24 HPs)
             Began as a Deep Elf Summoner on Jan 11, 2023.
             Slain by an orc
             ... wielding a +0 hand axe
              (7 damage)
             ... on level 3 of the Dungeon.
             The game lasted 00:13:09 (3248 turns).

Jushak the Caller (Deep Elf Summoner)               Turns: 3248, Time: 00:13:10

Health: -2/24      AC:  2    Str:  5    XL:     4   Next: 59%
Magic:  10/11      EV: 13    Int: 22    God:
Gold:   97         SH:  0    Dex: 15    Spells: 4/10 levels left

rFire   + . .      SeeInvis .   c - +1 long sword (holy)
rCold   . . .      Faith    .   h - orb {*channel}
rNeg    . . .      Spirit   .   a - +0 robe
rPois   +          Reflect  .   (no helmet)
rElec   .          Harm     .   (no cloak)
rCorr   .          Rampage  .   (no gloves)
Will    .....                   (no boots)
Stlth   ++........              (no amulet)
HPRegen 0.08/turn               d - ring of poison resistance
MPRegen 0.12/turn               l - ring of protection from fire

@: no status effects
A: no striking features
a: no special abilities


You were on level 3 of the Dungeon.
You visited 1 branch of the dungeon, and saw 3 of its levels.

You collected 97 gold pieces.

Inventory:

Hand Weapons
 c - a +1 long sword of holy wrath (weapon)
Armour
 a - a +0 robe (worn)
 h - an orb of energy (worn)
 o - +0 fire dragon scales
Jewellery
 d - a ring of poison resistance (left hand)
 l - a ring of protection from fire (right hand)
 m - a ring of flight
Scrolls
 e - a scroll of noise {unknown}
 g - a scroll of immolation {unknown}
 i - 4 scrolls of identify {unknown}
 j - 2 scrolls of fear {unknown}
 k - a scroll of teleportation {unknown}
Potions
 b - 2 potions of magic
 f - 3 potions of curing {unknown}
 n - a potion of cancellation {unknown}


   Skills:
 * Level 0.4 Fighting
 + Level 0.5 Armour
 + Level 3.3 Dodging
 + Level 3.3 Stealth
 + Level 3.8 Spellcasting
 * Level 5.3 Summonings


You had 4 spell levels left.
You knew the following spells:

 Your Spells              Type           Power      Damage    Failure   Level
a - Summon Small Mammal   Summ           100%       N/A       1%          1
b - Call Imp              Summ           27%        N/A       1%          2
c - Call Canine Familiar  Summ           27%        N/A       3%          3

Your spell library contained the following spells:

 Spells                   Type           Power      Damage    Failure   Level
 Summon Guardian Golem    Hex/Summ       15%        N/A       12%         3
 Summon Lightning Spire   Summ/Air       15%        N/A       36%         4


Dungeon Overview and Level Annotations

Branches:
Dungeon (3/15)

Altars:


Message History

The ball python constricts you.
You closely miss the ball python.
The ball python is severely wounded.
Your quokka disappears in a puff of smoke!
The ball python bites you. The ball python constricts you.
The ball python barely misses you. The ball python constricts you.
You closely miss the ball python.
The ball python is severely wounded.
The ball python bites you. The ball python constricts you.
You barely miss the ball python.
The ball python is severely wounded.
The ball python closely misses you. The ball python constricts you.
The ball python barely misses you. The ball python constricts you.
You barely miss the ball python.
The ball python is severely wounded.
The ball python misses you. The ball python constricts you.
The ball python closely misses you. The ball python constricts you.
You slash the ball python!
You kill the ball python!
You hit the orc.
The orc is lightly wounded.
The orc closely misses you. The orc barely misses you.
You hit the orc.
The orc is severely wounded.
The orc closely misses you.
You barely miss the orc.
The orc is severely wounded.
The orc barely misses you. The orc hits you with a +0 hand axe.
You closely miss the orc.
The orc is heavily wounded.
The orc hits you with a +0 hand axe.
You hit the orc but do no damage.
The orc is heavily wounded.
The orc hits you with a +0 hand axe.
Casting: Summon Small Mammal (safe; 1% risk of failure)
Confirm with . or Enter, or press ? or * to list all spells.
The orc hits you with a +0 hand axe.
* * * LOW HITPOINT WARNING * * *
The orc attacks as you move away! The orc hits you with a +0 hand axe!
You die...

# ## .## ##.
... # ###..##
#..#.
#...#.###.#..
#..#r#.#†#.#
#..##.#.#o#
#..###.#@#
#..##.#(#.#
#..#.#.#.#r#
#...#.###.#..
#.#..#####...#
#.##.......#...
# #...........
.## ..
###.......#.###
...
####...........
####. .


You could see an orc (ally target) and a friendly rat (summoned).

Vanquished Creatures
  2 adders
  A ball python (D:3)
  An endoplasm (D:2)
  A giant cockroach (D:2)
  A hobgoblin (D:3)
  A quokka (D:3)
  2 frilled lizards (D:2)
  3 kobolds
12 creatures vanquished.

Vanquished Creatures (collateral kills)
  2 adders (D:2)
  A worm (D:2)
  A dart slug (D:3)
  3 bats
  4 endoplasms
  2 giant cockroaches (D:1)
  4 goblins
  5 hobgoblins
  9 jackals
  A quokka (D:1)
  6 ball pythons
  2 frilled lizards
  8 kobolds
  4 rats
52 creatures vanquished.

Grand Total: 64 creatures vanquished

Notes
Turn   | Place    | Note
-------+----------+-------------------------------------------
     0 | D:1      | Jushak the Deep Elf Summoner began the quest for the Orb.
     0 | D:1      | Reached XP level 1. HP: 10/10 MP: 6/6
   227 | D:1      | Reached XP level 2. HP: 15/15 MP: 5/8
   525 | D:1      | Found a faded altar of an unknown god.
   911 | D:1      | Reached XP level 3. HP: 19/19 MP: 9/9
  1542 | D:2      | Reached skill level 5 in Summonings
  1962 | D:2      | Identified the +2 hat of Gokhy {rC++ Dex+3}
  2613 | D:3      | Reached XP level 4. HP: 11/24 MP: 9/11
  3007 | D:2      | Learned a level 2 spell: Call Imp
  3011 | D:2      | Learned a level 3 spell: Call Canine Familiar
  3248 | D:3      | Slain by an orc

Illustrated notes

Levels and vault maps discovered:
D:1:      wander_arrival_estate, layout_loops_corners,
          hellmonk_ecumenical_altar_crossroads, minivault_14
D:2:      layout_basic
D:3:      layout_rooms, minmay_circle_x

Skill      XL: |  1  2  3 |
---------------+----------+-----
Stealth        | 3 |  3.3
Dodging        | 3 |  3.3
Summonings     | 5 |  5.3
Fighting       | |  0.4
Armour         | |  0.5
Spellcasting   | |  3.8

Action                   |  1- 3 |  4- 6 || total
-------------------------+-------+-------++-------
Melee: Long sword        |    15 |    29 ||    44
 Cast: Summon Small Mamm |    79 |    18 ||    97
  Use: Scroll            |       |     1 ||     1
 Stab: Sleeping          |     3 |     2 ||     5
       Distracted        |       |     1 ||     1
Armor: Robe              |     6 |     6 ||    12
Dodge: Dodged            |    26 |    38 ||    64
